 Dungeon Crawl Stone Soup version 0.24-a0-715-g0b739ee41d (webtiles) character file.

Game seed: 15055732601743542893, levelgen mode: deterministic

26 Arixos the Sneak (level 2, -1/16 HPs)
             Began as a Vampire Enchanter on Sept 30, 2019.
             Slain by an adder (3 damage)
             ... on level 2 of the Dungeon.
             The game lasted 00:05:43 (1388 turns).

Arixos the Sneak (Vampire Enchanter)                Turns: 1388, Time: 00:05:43

Health: -1/16      AC:  3    Str:  7    XL:     2   Next: 89%
Magic:  1/5        EV: 13    Int: 17    God:
Gold:   53         SH:  0    Dex: 14    Spells: 2/5 levels left

rFire    . . .     SeeInvis +   a - +1 dagger
rCold    + + .     Gourm    .   (no shield)
rNeg     + + +     Faith    .   b - +0 robe
rPois    ∞         Spirit   .   e - +0 helmet
rElec    .         Reflect  .   (no cloak)
rCorr    .         Harm     .   (no gloves)
MR       .....                  (no boots)
Stlth    +++++.....             (no amulet)
HPRegen  0.00/turn              (no ring)
MPRegen  0.09/turn              (no ring)

@: bloodless, regenerating quickly
A: no food, fangs 3, see invisible, unbreathing
a: Revivify


You were on level 2 of the Dungeon.
You were bloodless.

You visited 1 branch of the dungeon, and saw 2 of its levels.

You collected 53 gold pieces.

Inventory:

Hand Weapons
 a - a +1 dagger (weapon)
Armour
 b - a +0 robe (worn)
 e - a +0 helmet (worn)
Scrolls
 d - 2 scrolls of remove curse


   Skills:
 + Level 0.5 Fighting
 + Level 1.5 Short Blades
 + Level 2.5 Dodging
 + Level 4.8 Stealth
 + Level 2.2 Spellcasting
 + Level 4.8 Hexes


You had 2 spell levels left.
You knew the following spells:

 Your Spells              Type           Power        Failure   Level  Hunger
a - Ensorcelled Hibernat  Hex/Ice        ##....       11%         2    N/A
b - Corona                Hex            ###....      2%          1    N/A

Your spell library contained the following spells:

 Spells                   Type           Power        Failure   Level  Hunger
 Confuse                  Hex            ###.....     8%          3    N/A
 Tukima's Dance           Hex            ###.....     8%          3    N/A
 Dazzling Spray           Conj/Hex       ##....       22%         3    N/A

Dungeon Overview and Level Annotations

Branches:
Dungeon (2/15)

Altars:


Innate Abilities, Weirdness & Mutations

You do not eat.
You do not regenerate when monsters are visible.
You are frail without blood (-20% HP).
You are immune to poison.
You have razor-sharp teeth.
You have supernaturally acute eyesight. (SInv)
You can survive without breathing.


Message History

The adder resists with some effort.
The adder completely misses you.
You miss the adder.
The adder is severely wounded.
The adder completely misses you. The adder bites you.
* * * LOW HITPOINT WARNING * * *
The adder closely misses you.
It was a potion of berserk rage.
You feel slightly irritated. The adder bites you but does no damage.
It was a potion of lignification.
You feel woody for a moment. The adder barely misses you.
There isn't anything here!
As you read the scroll labeled GUCZIU JUMANK, it crumbles to dust.
It is a scroll of identify.
d - 2 scrolls of remove curse The adder misses you.
The adder closely misses you. The adder misses you.
There is a stone staircase leading up here.
The adder barely misses you. The adder bites you.
You die...

#### #.#
....####.#######
#......#.....##
##.............##
#...............#
#...............#
#...............#
#...............#
#.............S@#
#.....%.......g.#
##.............##
##.....#.....##
#############


You could see an adder and a goblin.

Vanquished Creatures
  A gnoll (D:1)
  A dart slug (D:1)
  A bat (D:1)
  2 giant cockroaches (D:1)
  3 hobgoblins (D:1)
  2 frilled lizards (D:1)
  2 kobolds (D:1)
  3 rats (D:1)
15 creatures vanquished.

Notes
Turn   | Place    | Note
-------+----------+-------------------------------------------
     0 | D:1      | Arixos the Vampire Enchanter began the quest for the Orb.
     0 | D:1      | Reached XP level 1. HP: 13/13 MP: 3/3
   414 | D:1      | Reached XP level 2. HP: 16/16 MP: 5/5
   418 | D:1      | Learned a level 2 spell: Ensorcelled Hibernation
  1388 | D:2      | Slain by an adder

Levels and vault maps discovered:
D:1:      dpeg_arrival_refuge, layout_basic
D:2:      layout_rooms, chequers_ecumenical_altar_grove

Action                   || total
-------------------------++-------
Melee: Dagger            ||    45
       Bite              ||     2
 Cast: Corona            ||     3
       Ensorcelled Hiber ||     8
 Abil: Exsanguinate      ||     1
  Use: Potion            ||     2
       Scroll            ||     1
 Stab: Sleeping          ||    11
Armor: Robe              ||     7
Dodge: Dodged            ||    28

Table legend:
 A = Non-vault XP
 B = Vault XP
 C = Vault XP percentage of total XP
 D = Non-vault monster count
 E = Vault monster count
 F = Vault count percentage of total count
                 A         B        C        D         E       F
            +---------+---------+-------+---------+---------+-------
      Total |      38 |       0 |   0.0 |      15 |       0 |   0.0
            +---------+---------+-------+---------+---------+-------
        D:1 |      38 |       0 |   0.0 |      15 |       0 |   0.0
            +---------+---------+-------+---------+---------+-------
